AoeStats
← Actiweed1

Arena

510291748Analyzed
4v4 RM · 8h ago on Sep 30, 2026· 69m 54s· 8 players
Game mode
Random Map
Map size
Large (8 player)
Population
200
Speed
Normal
Resources
Standard
Victory
Conquest
Starting age
Dark Age
Ending age
Imperial Age
RankedLock teamsTeams togetherTeam positionsShared explorationLock speedFull tech treeHidden civsTurbo modeCheats
Victory
Defeat
🇨🇿 Britons · Czechia
904
+13
🇩🇪 Franks · Germany
889
+14
🇨🇳 Huns · China
827
+17
🇨🇭 Turks · Switzerland
804
+17
🇫🇷 Vietnamese · France
889
-17
🇨🇦 Varangians · Canada
833
-15
🇧🇷 Franks · Brazil
831
-15
🇫🇷 Bohemians · France
817
-14
Actiweed1
0:29 Loom
12:28 Feudal Age
14:04 Wheelbarrow
13:22 Horse Collar
13:43 Double-Bit Axe
21:04 Castle Age
19:24 Gold Mining
19:25 Stone Mining
19:33 Fletching
19:47 Town Watch
22:13 Hand Cart
22:00 Heavy Plow
22:14 Bow Saw
21:54 Crossbowman
22:43 Pikeman
23:11 Arson
30:11 Padded Archer Armor
30:06 Bodkin Arrow
33:53 Imperial Age
31:59 Masonry
32:08 Thumb Ring
32:56 Fortified Wall
33:07 Ballistics
32:44 Murder Holes
33:31 Treadmill Crane
35:14 Crop Rotation
35:47 Two-Man Saw
36:05 Chemistry
35:34 Town Patrol
35:25 Elite Skirmisher
36:23 Arbalester
36:24 Imperial Skirmisher
37:21 Bracer
37:36 Leather Archer Armor
38:11 Leather Archer Armor
38:33 Squires
39:22 Halberdier
41:37 Stone Shaft Mining
41:52 Forging
41:43 Scale Mail Armor
42:14 Ring Archer Armor
43:30 Iron Casting
43:28 Ring Archer Armor
44:40 Chain Mail Armor
47:12 Plate Mail Armor
48:05 Paper Money
51:52 Heated Shot
52:10 Elite Rattan Archer
67:32 Caravan
Krypp
11:38 Feudal Age
18:15 Castle Age
16:23 Double-Bit Axe
16:28 Horse Collar
19:36 Bow Saw
24:04 Caravan
30:11 Imperial Age
28:14 Squires
28:31 Forging
28:53 Ballistics
32:10 Chemistry
31:06 Fletching
31:18 Scale Mail Armor
30:52 Pikeman
34:18 Bodkin Arrow
38:08 Halberdier
42:20 Scale Barding Armor
42:37 Bloodlines
41:48 Light Cavalry
43:33 Hussar
45:42 Husbandry
49:10 Chain Barding Armor
51:32 Capped Ram
53:50 Siege Ram
57:59 Bracer
57:59 Padded Archer Armor
pedroayrton br
1:01 Loom
10:25 Feudal Age
11:53 Double-Bit Axe
15:09 Wheelbarrow
14:23 Town Watch
16:00 Gold Mining
19:16 Castle Age
17:32 Forging
17:28 Scale Barding Armor
17:16 Fletching
21:01 Bow Saw
21:15 Chain Barding Armor
26:35 Iron Casting
27:05 Husbandry
29:49 Hand Cart
29:35 Town Patrol
30:11 Bodkin Arrow
38:51 Imperial Age
38:07 Gold Shaft Mining
37:22 Stone Mining
38:57 Cavalier
39:00 Light Cavalry
40:31 Plate Barding Armor
40:57 Blast Furnace
40:39 Paladin
58:14 Ballistics
59:21 Chemistry
59:23 Murder Holes
BASTOSFOUFOU94
0:37 Loom
10:48 Feudal Age
13:24 Double-Bit Axe
21:26 Castle Age
19:34 Horse Collar
26:04 Husbandry
34:39 Scale Barding Armor
34:34 Padded Archer Armor
36:29 Leather Archer Armor
41:32 Chemistry
40:28 Murder Holes
65:52 Crossbowman
66:02 Pikeman
66:42 Squires
monneyce
10:26 Feudal Age
15:31 Castle Age
13:36 Double-Bit Axe
16:44 Stone Mining
17:04 Horse Collar
17:48 Fervor
20:29 Loom
20:49 Gold Mining
24:22 Wheelbarrow
28:30 Imperial Age
26:37 Bow Saw
27:16 Town Watch
29:21 Hand Cart
29:09 Padded Archer Armor
29:32 Ballistics
29:36 Conscription
32:03 Town Patrol
34:22 Artillery
39:30 Fortified Wall
39:18 Murder Holes
42:27 Scale Barding Armor
42:33 Forging
42:38 Leather Archer Armor
47:57 Husbandry
48:08 Bloodlines
48:34 Chain Barding Armor
48:50 Iron Casting
58:50 Plate Barding Armor
芳心纵火犯
10:43 Feudal Age
15:44 Castle Age
13:42 Loom
14:11 Double-Bit Axe
19:25 Horse Collar
21:22 Bow Saw
22:16 Heavy Plow
23:30 Wheelbarrow
22:52 Town Watch
23:52 Gold Mining
24:41 Stone Mining
25:41 Town Patrol
25:47 Town Patrol
26:46 Gold Shaft Mining
27:49 Fervor
27:58 Hand Cart
28:23 Masonry
28:21 Scale Barding Armor
30:23 Forging
30:34 Chain Barding Armor
30:31 Bloodlines
30:29 Husbandry
32:00 Marauders
34:39 Imperial Age
34:43 Iron Casting
33:59 Fletching
34:07 Murder Holes
37:01 Blast Furnace
36:36 Plate Barding Armor
35:58 Bodkin Arrow
37:33 Two-Man Saw
39:06 Chemistry
38:26 Ballistics
38:44 Conscription
38:19 Elite Tarkan
39:49 Atheism
55:57 Bracer
55:58 Padded Archer Armor
Kuno
10:31 Loom
12:17 Feudal Age
12:39 Loom
16:48 Castle Age
14:49 Double-Bit Axe
17:38 Pikeman
31:09 Wheelbarrow
34:09 Imperial Age
35:40 Halberdier
36:21 Squires
36:41 Hand Cart
40:14 Cavalier
44:21 Conscription
44:58 Town Watch
45:21 Husbandry
51:26 Chemistry
50:37 Scale Barding Armor
53:06 Paladin
56:32 Light Cavalry
59:45 Ballistics
59:24 Murder Holes
60:15 Scale Mail Armor
63:01 Forging
63:07 Chain Mail Armor
67:03 Iron Casting
66:59 Plate Mail Armor
69:16 Chivalry
Flachyc
11:06 Feudal Age
11:34 Double-Bit Axe
11:30 Horse Collar
13:04 Wheelbarrow
12:58 Gold Mining
12:59 Stone Mining
18:30 Castle Age
19:47 Bow Saw
22:06 Padded Archer Armor
21:56 Fletching
22:20 Forging
22:11 Scale Mail Armor
24:38 Bodkin Arrow
29:14 Imperial Age
28:02 Pikeman
28:43 Squires
28:29 Arson
29:15 Chain Mail Armor
29:36 Iron Casting
29:46 Ballistics
30:05 Halberdier
31:28 Gold Shaft Mining
31:37 Conscription
33:16 Elite Longbowman
36:20 Yeomen
37:12 Leather Archer Armor
36:57 Bracer
37:58 Blast Furnace
37:28 Plate Mail Armor
38:51 Chemistry
39:01 Two-Man Saw
47:03 Ring Archer Armor
62:15 Heavy Scorpion
Connection lost

Rejoining the realm…

Still unreachable

The connection could not be restored.

Session expired

The server has moved on; the page needs a fresh start.